 Dungeon Crawl Stone Soup version 0.32-a0-768-g0f6f1dd4b9 (webtiles) character file.

Game seed: 3036364790216378014

454 dialectric the Changeling (level 6, -12/61 HPs)
             Began as a Troll Shapeshifter on Mar 19, 2024.
             Mangled by an ogre
             ... wielding a +0 giant club
              (24 damage)
             ... on level 4 of the Dungeon.
             The game lasted 00:02:29 (2047 turns).

dialectric the Changeling (Troll Shapeshifter)      Turns: 2047, Time: 00:02:29

Health: -12/61     AC:  4    Str: 25    XL:     6   Next: 76%
Magic:  5/5        EV: 10    Int:  6    God:
Gold:   22         SH:  0    Dex: 15    Spells: 5/5 levels left

rFire   . . .        m - +4 flail (drain)
rCold   + . .        (no shield)
rNeg    . . .        a - +0 animal skin
rPois   .            (helmet currently unavailable)
rElec   .            (cloak currently unavailable)
rCorr   .            (gloves unavailable)
SInv    .            (boots unavailable)
Will    .....        (no amulet)
Stlth   +            i - ring of protection from cold
HPRegen 1.10/turn    p - +6 ring of dexterity
MPRegen 0.09/turn

%: no passive effects
@: beast-form
A: beast (slay +2), large, unfitting armour, claws 3, regeneration 1, shaggy fur
1, tough skin 1
a: Begin Untransformation


You were on level 4 of the Dungeon.
You were a hulking beast.
You visited 1 branch of the dungeon, and saw 4 of its levels.

You collected 64 gold pieces.
You spent 42 gold pieces at shops.

Inventory:

Hand Weapons
 m - a +4 flail of draining (weapon)
Missiles
 f - 3 poisoned darts (quivered)
Armour
 a - a +0 animal skin (worn)
Jewellery
 i - a ring of protection from cold (left claw)
 p - a +6 ring of dexterity (right claw)
 r - a ring of magical power
Talismans
 c - a beast talisman (active)
 d - a flux talisman
Wands
 s - a wand of light (15)
 w - a wand of paralysis (13)
Scrolls
 e - 3 scrolls of teleportation {unknown}
 g - a scroll of noise {unknown}
 k - a scroll of enchant armour {unknown}
 l - 2 scrolls of fog {unknown}
 n - 2 scrolls of identify {unknown}
 q - a scroll of immolation {unknown}
 u - 3 scrolls of blinking {unknown}
 v - a scroll of butterflies {unknown}
Potions
 b - a potion of lignification
 h - 2 potions of might {unknown}
 j - 3 potions of heal wounds {unknown}
 o - 2 potions of curing
 t - 2 potions of enlightenment {unknown}


   Skills:
 + Level 3.0 Fighting
 + Level 0.8 Maces & Flails
 + Level 0.7 Armour
 + Level 3.4 Dodging
 - Level 3.6 Unarmed Combat
 + Level 4.5 Shapeshifting


You had 5 spell levels left.
You didn't know any spells.
Your spell library was empty.

Dungeon Overview and Level Annotations

Branches:
Dungeon (4/15)
 Temple: D:4-7

Altars:
Cheibriados
Fedhas
Nemelex Xobeh

Shops:
D:2 **(!*   D:4 *


Innate Abilities, Weirdness & Mutations

You are a hulking beast.
Your limbs bulge with bestial killing power. (Slay +2)
You are too large for most types of armour.
You have claws for hands.
Your natural rate of healing is unusually fast.
You are covered in fur. (AC +1)
You have tough skin. (AC +1)


Message History

You open the door.
There is an open door here.
An ogre comes into view. It is wielding a +0 giant club.
The ogre hits you with a +0 giant club!!
Ouch! That really hurt!
You are too injured to fight recklessly!
You are too injured to fight recklessly!
You are too injured to fight recklessly!
You are too injured to fight recklessly!
You are too injured to fight recklessly!
You are too injured to fight recklessly!
You are too injured to fight recklessly!
You are too injured to fight recklessly!
You are too injured to fight recklessly!
You are too injured to fight recklessly!
You are too injured to fight recklessly!
Unknown command.
The ogre attacks as it pursues you! The ogre hits you with a +0 giant club!
Aiming: Bolt of Light
Press: ? - help, Shift-Dir - straight line, f - ogre
Aim: an ogre, wielding a +0 giant club (86% to hit)
The bolt of light misses the ogre.
Unknown command.
Unknown command.
Aiming: Bolt of Light
Press: ? - help, Shift-Dir - straight line, f/p - ogre
Aim: an ogre, wielding a +0 giant club (86% to hit)
The bolt of light hits the ogre!
The ogre is heavily wounded.
The ogre is blinded.
The ogre barely misses you.
Unknown command.
Unknown command.
You sock the ogre!
The ogre is severely wounded.
The ogre hits you with a +0 giant club!!
* * * LOW HITPOINT WARNING * * *
You completely miss the ogre.
The ogre is severely wounded.
The ogre hits you with a +0 giant club!!
You die...

#.#.....#...........#..
#.+.._..+.....##..#.#..
###.....#.....##..#.#..
#.≈≈≈.#.............#
#.....#....###.......
#+###'#....###.....†.
#.##..#....+.........
#....###...#......##.
####h# #####.####.##.
#O# ###.####)##. #.#
............ #.#
###..###.#..
#######.##### #.........
#...........###...##.#..
#######...........##....
#####.####.. #.#..
#.......##.#..


You could see an ogre (blind, unable to see you).

Vanquished Creatures
  Menkaure (D:4)
  A black bear (D:4)
  An iguana (D:4)
  An orc wizard (D:2)
  Ijyb (D:4)
  Terence (D:2)
  4 adders
  3 gnolls
  A ribbon worm (D:2)
  A dart slug (D:2)
  5 orcs
  8 ball pythons
  3 bats
  3 endoplasms
  5 giant cockroaches
  3 goblins
  5 hobgoblins
  4 jackals (D:2)
  7 kobolds
  4 quokkas
  5 frilled lizards
  3 rats (D:1)
70 creatures vanquished.

Notes
Turn   | Place    | Note
-------+----------+-------------------------------------------
     0 | D:1      | dialectric the Troll Shapeshifter began the quest for the
                  | Orb.
     0 | D:1      | Reached XP level 1. HP: 18/18 MP: 0/0
    74 | D:1      | Reached skill level 1 in Fighting
   204 | D:1      | Reached XP level 2. HP: 27/27 MP: 1/1
   656 | D:2      | Reached XP level 3. HP: 33/33 MP: 2/2
   702 | D:2      | Noticed Terence
   708 | D:2      | Killed Terence
   709 | D:2      | Reached XP level 4. HP: 19/41 MP: 3/3
   736 | D:2      | Found Mucsuiv's Antique Weapon Shoppe.
   932 | D:2      | Found Keabusag's Distillery.
   961 | D:2      | Reached XP level 5. HP: 49/49 MP: 4/4
   998 | D:2      | Found Zutopeigu's General Store.
  1082 | D:2      | Found Qylaka Vyovy's General Store.
  1086 | D:2      | Bought a potion of curing for 42 gold pieces
  1183 | D:2      | Found Coitauf's Assorted Antiques.
  1513 | D:3      | You fall into a shaft and drop 1 floor!
  1526 | D:4      | Noticed Ijyb
  1529 | D:4      | Found a sparkling altar of Nemelex Xobeh.
  1534 | D:4      | Killed Ijyb
  1588 | D:4      | Found Awid's Mass Market.
  1615 | D:4      | Reached skill level 4 in Shapeshifting
  1646 | D:4      | Noticed a black bear
  1655 | D:4      | Killed a black bear
  1656 | D:4      | Reached XP level 6. HP: 56/59 MP: 5/5
  1826 | D:4      | Found a blossoming altar of Fedhas.
  1844 | D:4      | Noticed Menkaure
  1853 | D:4      | Killed Menkaure
  2004 | D:4      | Found a snail-covered altar of Cheibriados.
  2047 | D:4      | Mangled by an ogre

Illustrated notes

Levels and vault maps discovered:
D:1:      amcnicky_arrival_blooded_trapdoor, layout_basic
D:2:      layout_loops_ring, serial_shops, nicolae_shop_behind_doors, shop,
          nicolae_shop_industrial_runoff, nicolae_shop_getting_attention,
          shop_fountains, uniq_terence
D:3:      layout_loops_ring, nicolae_overflow_ecumenical_swirl,
          mainiacjoe_overflow_brackets, gammafunk_ghost_gnarly_gnolls,
          minmay_misc_feat_plants, uniq_sigmund
D:4:      layout_basic, mainiacjoe_overflow_chevrons,
          mainiacjoe_overflow_six_doors_small, mainiacjoe_overflow_boulevard,
          minmay_misc_feat_columns, minmay_shop_mass, uniq_ijyb, uniq_menkaure

Skill      XL: |  1  2  3  4  5  6 |
---------------+-------------------+-----
Fighting       | 1 2 3 |  3.0
Dodging        | 2 3 |  3.4
Shapeshifting  | 4 |  4.5
Maces & Flails | |  0.8
Armour         | |  0.7
Unarmed Combat | |  3.6

Action                     |  1- 3 |  4- 6 || total
---------------------------+-------+-------++-------
  Melee: Unarmed           |    55 |       ||    55
         Flail             |       |    97 ||    97
  Evoke: Wand              |       |     2 ||     2
   Stab: Sleeping          |       |     1 ||     1
 Armour: Animal skin       |    31 |   106 ||   137
  Dodge: Dodged            |    26 |    52 ||    78

Table legend: (Time is in decaauts)
 A = Elapsed time spent in this place.
 B = Non-inter-level travel time spent in this place.
 C = Inter-level travel time spent in this place.
 D = Time resting spent in this place.
 E = Time spent auto-exploring this place.
 F = Levels seen in this place.
 G = Mean time per level.
                   A        B        C        D        E       F      G
               +--------+--------+--------+--------+--------+-----+--------+
         Total |   2080 |   2047 |     33 |      0 |   1585 |   4 |  520.0 |
       Dungeon |   2080 |   2047 |     33 |      0 |   1585 |   4 |  520.0 |
               +--------+--------+--------+--------+--------+-----+--------+

Top non-repeatable levels by time:
     D:2: 660 daAuts
     D:1: 657 daAuts
     D:4: 546 daAuts
     D:3: 216 daAuts
